 Dungeon Crawl Stone Soup version 0.29.1-2-gbd0b4ee654 (webtiles) character file.

Game seed: 16054987700638496810

420 Araneus the Cudgeller (level 6, -6/47 HPs)
             Began as a Demonspawn Fighter on Nov 5, 2022.
             Splashed by a jelly's acid (10 damage)
             ... on level 5 of the Dungeon.
             The game lasted 00:05:02 (5059 turns).

Araneus the Cudgeller (Demonspawn Fighter)          Turns: 5059, Time: 00:05:04

Health: -6/47      AC: -1    Str: 18    XL:     6   Next: 62%
Magic:  6/6        EV:  9    Int: 11    God:
Gold:   172        SH:  4    Dex: 13    Spells: 5/5 levels left

rFire   . . .      SeeInvis .   a - +0 flail
rCold   . . .      Faith    .   c - +0 buckler
rNeg    . . .      Spirit   .   b - +0 scale mail
rPois   .          Reflect  .   (no helmet)
rElec   .          Harm     .   (no cloak)
rCorr   .          Rampage  .   (no gloves)
Will    .....                   (no boots)
Stlth   ..........              (no amulet)
HPRegen 0.15/turn               (no ring)
MPRegen 0.10/turn               (no ring)

@: corroded
A: foul stench 1, big brain 1, demonic magic 1
a: no special abilities


You were on level 5 of the Dungeon.
You visited 1 branch of the dungeon, and saw 5 of its levels.

You collected 172 gold pieces.

Inventory:

Hand Weapons
 a - a +0 flail (weapon)
Armour
 b - a +0 scale mail (worn)
 c - a +0 buckler (worn)
Jewellery
 m - an amulet of guardian spirit
Wands
 d - a wand of paralysis (6)
Scrolls
 f - 2 scrolls of acquirement {unknown}
 g - 3 scrolls of teleportation {unknown}
 k - a scroll of magic mapping {unknown}
 l - a scroll of amnesia {unknown}
 n - 2 scrolls of butterflies {unknown}
 o - 2 scrolls of immolation {unknown}
 q - 3 scrolls of identify {unknown}
Potions
 e - a potion of heal wounds {unknown}
 h - 3 potions of curing
 i - 3 potions of degeneration {unknown}
 j - a potion of brilliance {unknown}
 p - a potion of flight {unknown}
 r - 2 potions of lignification {unknown}
 s - a potion of cancellation {unknown}


   Skills:
 - Level 3.0 Fighting
 + Level 6.5 Maces & Flails
 - Level 2.6 Armour
 - Level 2.6 Shields


You had 5 spell levels left.
You didn't know any spells.
Your spell library contained the following spells:

 Spells                   Type           Power      Damage    Failure   Level
 Necrotise                Necr           0%         1d4       83%         1
 Slow                     Hex            0%         N/A       83%         1
 Confusing Touch          Hex            0%         N/A       99%         3
 Vampiric Draining        Necr           0%         2d6       99%         3
 Agony                    Necr           0%         N/A       100%        5


Dungeon Overview and Level Annotations

Branches:
Dungeon (5/15)
 Temple: D:4-7

Altars:
Hepliaklqana
Makhleb
Okawaru
Trog
Wu Jian

Shops:
D:2 =


Innate Abilities, Weirdness & Mutations

You may rarely emit foul miasma when damaged in melee.
You have an unusually large brain. (Int +2)
Spells you cast may paralyse adjacent enemies.


Message History

No target in view!
No target in view!
No target in view!
You hear a distant slurping noise.
You hear a distant slurping noise.
You hear a distant slurping noise.
A jelly comes into view.
A jelly is nearby!
The jelly quivers.
You hit the jelly.
Your hands burn!
The jelly is lightly wounded.
The jelly barely misses you.
You sock the jelly!
Your hands burn!
The jelly is heavily wounded.
The jelly hits you. The acid corrodes you!
You are splashed with acid!
You hit the jelly.
Your hands burn!
The jelly is heavily wounded.
The jelly hits you but does no damage.
You hit the jelly but do no damage.
Your hands burn!
The jelly is heavily wounded.
The jelly barely misses you.
You are too injured to fight recklessly!
You are too injured to fight recklessly!
You are too injured to fight recklessly!
You are too injured to fight recklessly!
You are too injured to fight recklessly!
You are too injured to fight recklessly!
You are too injured to fight recklessly!
You are too injured to fight recklessly!
You barely miss the jelly.
The jelly is heavily wounded.
The jelly barely misses you.
You hit the jelly. The acid corrodes you!
Your hands burn!
The jelly is severely wounded.
The jelly hits you.
You are splashed with acid!
* * * LOW HITPOINT WARNING * * *
The jelly hits you.
* * * LOW HITPOINT WARNING * * *
You are splashed with acid!
You die...

...........# #..
.............# #..
.............# #..
.............# #..
.............# #..
.............# #..
.............# #..
.............######
#..
......J@..........#
#..
..................#
#..
.......###+##.....#
#.. .......
+.....#####.
.......
#.....#..##.
.......
#.....#...'.
.......
#.....'...#.
.......
#.....#...#.
#.....#####.


You could see a jelly.

Vanquished Creatures
  A scorpion (D:5)
  A necrophage (D:5)
  A jelly (D:5)
  A hound (D:4)
  Jessica (D:2)
  2 iguanas (D:5)
  Terence (D:2)
  3 gnolls (D:4)
  3 adders
  An ufetubus (D:3)
  A worm (D:4)
  2 dart slugs
  5 orcs
  5 ball pythons
  5 endoplasms
  2 giant cockroaches
  7 goblins
  9 hobgoblins
  7 jackals
  3 quokkas
  3 bats
  4 frilled lizards
  3 kobolds
  6 rats
  A spectral hobgoblin (D:3)
78 creatures vanquished.

Vanquished Creatures (others)
  6 fungi (D:2)
  2 plants (D:2)
8 creatures vanquished.

Grand Total: 86 creatures vanquished

Notes
Turn   | Place    | Note
-------+----------+-------------------------------------------
     0 | D:1      | Araneus the Demonspawn Fighter began the quest for the Orb.
     0 | D:1      | Reached XP level 1. HP: 18/18 MP: 1/1
    47 | D:1      | Reached skill level 2 in Maces & Flails
   262 | D:1      | Gained mutation: Spells you cast may paralyse adjacent
                  | enemies. [demonic ancestry]
   262 | D:1      | Reached XP level 2. HP: 15/24 MP: 2/2
  1282 | D:2      | Reached skill level 3 in Maces & Flails
  1430 | D:2      | Noticed Terence
  1442 | D:2      | HP: 1/24 [Terence/+0 mace (5)]
  1445 | D:2      | Killed Terence
  1446 | D:2      | Reached XP level 3. HP: 2/29 MP: 3/3
  1775 | D:2      | Noticed Jessica
  1784 | D:2      | Killed Jessica
  1785 | D:2      | Reached skill level 4 in Maces & Flails
  1785 | D:2      | Reached XP level 4. HP: 3/35 MP: 4/4
  2334 | D:2      | Found a faded altar of an unknown god.
  2421 | D:2      | Found Tahor's Jewellery Shop.
  2796 | D:3      | Found an iron altar of Okawaru.
  3088 | D:3      | Found an ornate altar of the Wu Jian Council.
  3225 | D:3      | Found a hazy altar of Hepliaklqana.
  3298 | D:4      | Gained mutation: You may rarely emit foul miasma when
                  | damaged in melee. [demonic ancestry]
  3298 | D:4      | Reached XP level 5. HP: 35/41 MP: 5/5
  3348 | D:4      | Found a burning altar of Makhleb.
  3348 | D:4      | Found a bloodstained altar of Trog.
  3418 | D:4      | Reached skill level 5 in Maces & Flails
  3606 | D:4      | Identified the +5 sling of Precise Incision {speed, rF+}
  3691 | D:4      | Identified the +7 dagger of Context {vorpal, rElec rCorr
                  | Str+2}
  4217 | D:5      | Entered Level 5 of the Dungeon
  4356 | D:5      | Gained mutation: You have an unusually large brain. (Int
                  | +2) [demonic ancestry]
  4356 | D:5      | Reached XP level 6. HP: 34/47 MP: 6/6
  4563 | D:5      | Reached skill level 6 in Maces & Flails
  5059 | D:5      | Splashed by a jelly's acid

Illustrated notes

Levels and vault maps discovered:
D:1:      minmay_arrival_pointy, layout_loops_cross
D:2:      layout_basic, serial_shops, shop_fountains,
          dreamdust_ecumenical_altar_grove, uniq_jessica, uniq_terence
D:3:      layout_basic, nicolae_hepliaklqana_monster_ancestors,
          mainiacjoe_overflow_brackets, nzn_wu_jian_council_hall, serial_curves,
          eino_curves_02, eino_curves_04, eino_curves_04
D:4:      layout_loops_cross, zin_academy, gammafunk_temple_overflow_pools,
          minmay_misc_feat_columns, minmay_misc_feat_nine_boxes
D:5:      layout_gridville, ebering_ghost_rock_garden, roderic_serpentine_path,
          item_on_display_a, uniq_duvessa

Skill      XL: |  1  2  3  4  5  6 |
---------------+-------------------+-----
Maces & Flails | 2 3 4 5 6 |  6.5
Fighting       | |  3.0
Armour         | |  2.6
Shields        | |  2.6

Action                   |  1- 3 |  4- 6 || total
-------------------------+-------+-------++-------
Melee: Flail             |   113 |   187 ||   300
  Use: Potion            |     1 |     1 ||     2
Armor: Scale mail        |    50 |    72 ||   122
Dodge: Dodged            |    51 |    80 ||   131
Block: Buckler           |    17 |    46 ||    63
